 Dungeon Crawl Stone Soup version 0.19-a0-994-g3c636f0 (webtiles) character file.

9705 mistymad the Spear-Bearer (level 11, -25/92 HPs)
             Began as a Merfolk Monk on July 15, 2016.
             Was a Priest of Fedhas.
             Annihilated by a very large slime creature (38 damage)
             ... on level 10 of the Dungeon.
             The game lasted 00:36:43 (12975 turns).

mistymad the Spear-Bearer (Merfolk Monk)           Turns: 12975, Time: 00:36:44

Health: -25/92     AC: 19    Str: 20    XL:     11   Next: 50%
Magic:  11/11      EV: 16    Int: 10    God:    Fedhas [***...]
Gold:   418        SH:  0    Dex: 12    Spells: 0 memorised, 10 levels left

rFire  + . .     SeeInvis .     M - +2 halberd
rCold  . . .     Gourm    .     D - +6 scale mail "Kogyl" {Str+6 Dex-5}
rNeg   . . .     Faith    .     (shield currently unavailable)
rPois  .         Spirit   .     x - +1 helmet
rElec  .         Dismiss  .     F - +0 cloak
rCorr  .         Reflect  .     (no gloves)
SustAt .         Harm     .     (no boots)
MR     .....                    E - amulet of regeneration
Stlth  +.........               k - ring of protection from fire
                                e - +3 ring of protection

@: not resistant to hostile enchantments, very unstealthy
A: change form in water, swift swim
a: Evolution, Sunlight, Growth, Renounce Religion


You were on level 10 of the Dungeon.
You worshipped Fedhas.
Fedhas was most pleased with you.
You were not hungry.

You visited 2 branches of the dungeon, and saw 11 of its levels.

You collected 607 gold pieces.
You spent 189 gold pieces at shops.

Inventory:

Hand Weapons
 L - a +1 trident
 M - a +2 halberd (weapon)
Armour
 x - a +1 helmet (worn)
 D - the +6 scale mail "Kogyl" (worn) {Str+6 Dex-5}
   (You found it on level 7 of the Dungeon)

   It affects your strength (+6).
   It affects your dexterity (-5).
 F - a +0 cloak (worn)
Jewellery
 e - a +3 ring of protection (left hand)
 g - an uncursed ring of resist corrosion
 k - a ring of protection from fire (right hand)
 w - an uncursed ring of protection from fire
 E - an amulet of regeneration (around neck)
 K - the ring of the Assorted Wars {*Corrode rElec rF+ rC+ Slay+6, unknown}
   (You found it on level 10 of the Dungeon)

   [ring of protection from cold]

   It affects your accuracy and damage with ranged weapons and melee attacks
   (+6).
   It protects you from fire.
   It protects you from cold.
   It insulates you from electricity.
   It may corrode you when you take damage.
 Q - an uncursed ring of flight {unknown}
Wands
 a - a wand of confusion (26/48)
 s - a wand of slowing (13/48)
 G - a wand of flame (26/48)
 O - a wand of lightning (7/15)
Scrolls
 b - 2 scrolls of fear
 f - a scroll of fog
 o - 2 scrolls of noise
 r - 3 scrolls of amnesia
 u - 7 scrolls of identify
 v - 2 scrolls of recharging
 y - 2 scrolls of enchant armour
 z - 3 scrolls of remove curse
 C - 2 scrolls of magic mapping
 I - 2 scrolls of blinking
 P - a scroll of enchant weapon
Potions
 d - a potion of brilliance
 h - a potion of lignification
 l - a potion of ambrosia
 m - a potion of invisibility
 n - a potion of heal wounds
 q - 8 potions of curing
 A - 2 potions of agility
 J - a potion of cure mutation
 N - 2 potions of resistance {unknown}
Miscellaneous
 j - a box of beasts
Comestibles
 c - 6 bread rations
 i - 11 royal jellies
 p - 4 beef jerkies
 t - 14 fruits
 B - 3 meat rations
 H - a slice of pizza
 R - 3 chunks of flesh


   Skills:
 + Level 10.9 Fighting
 + Level 13.4 Polearms
 + Level 5.2 Armour
 + Level 12.5 Dodging
 - Level 2.1 Stealth


You had 10 spell levels left.
You didn't know any spells.

Dungeon Overview and Level Annotations

Branches:
Dungeon (10/15)            Temple (1/1) D:7            Lair (0/6) D:10
    Orc: D:9-12

Altars:
Ashenzari
Dithmenos
Fedhas
Kikubaaqudgha
Nemelex Xobeh
Okawaru
Pakellas
Trog
Vehumet
Xom
The Shining One

Shops:
D:5 [   D:10 !

Annotations:
D:8 Gastronok


Message History

You slash the very large slime creature!
The very large slime creature is moderately wounded.
The very large slime creature hits you!!
* * * LOW HITPOINT WARNING * * *
The slime creature misses you.
You take 32 damage, and have 13/92 hp.
MASSIVE DAMAGE!!
You are too injured to fight recklessly!
You are too injured to fight recklessly!
You are too injured to fight recklessly!
You are too injured to fight recklessly!
You are too injured to fight recklessly!
You are too injured to fight recklessly!
You are too injured to fight recklessly!
You are too injured to fight recklessly!
Unknown command.
You puncture the very large slime creature!
The very large slime creature is moderately wounded.
The very large slime creature hits you!!!
You die...
Fedhas appreciates your contribution to the ecosystem.

#..... ###########
#..... #........÷.
#..... #.##...####
#..... #.##.[P..#
#.....#######.##.÷.#>#
#.....#..........P.###
#....JJ.........#.##
#.#@.........#.#
#............#.#
###..........#.#####
##................
#.........####.##
#######..........
#...#####.. ...# ##.
... #.


You could see a very large slime creature and a slime creature.

Vanquished Creatures
  An unseen horror (D:10)
  Pikel (D:7)
  Maurice (D:8)
  Psyche (D:8)
  Joseph (D:8)
  A troll (D:10)
  2 two-headed ogres
  A slime creature (D:10)
  Sigmund (D:4)
  6 yaks (D:10)
  3 hippogriffs
  Edmund (D:5)
  Duvessa (D:5)
  A water moccasin (D:7)
  2 soldier ants (D:8)
  4 orc warriors
  2 ice beasts
  A sky beast (D:5)
  An eye of draining (D:7)
  4 phantoms
  2 wasps (D:8)
  An ogre (D:5)
  A centaur (D:10)
  3 crocodiles
  A big kobold (D:7)
  6 giant frogs
  A gnoll sergeant (D:10)
  Dowan (D:5)
  4 scorpions
  6 killer bees (D:10)
  2 howler monkeys
  18 wights
  2 electric eels (D:6)
  6 crimson imps
  2 giant frog zombies
  A jelly (D:8)
  4 hounds
  8 orc wizards
  Crazy Yiuf (D:6)
  2 centaur skeletons
  8 orc priests
  A giant frog skeleton (D:8)
  A gnoll shaman (D:4)
  2 iguanas
  Ijyb (D:3)
  4 worker ants
  A hound zombie (D:6)
  13 gnolls
  2 howler monkey skeletons
  18 adders
  4 shadow imps
  2 oozes
  2 worms
  A dart slug (D:1)
  A giant gecko (D:9)
  30 orcs
  A ball python (D:3)
  2 giant cockroaches
  7 goblins
  11 hobgoblins
  6 jackals
  5 quokkas
  10 bats
  9 giant newts
  A jackal skeleton (D:5)
  9 kobolds
  9 rats
  4 fungi (D:6)
273 creatures vanquished.

Vanquished Creatures (others)
  2 slaves (D:7)
  A necrophage (D:9)
  An eye of draining (D:7)
  2 worker ant zombies
  A shadow imp (D:7)
  A giant newt (D:7)
  73 toadstools
81 creatures vanquished.

Grand Total: 354 creatures vanquished

Notes
Turn   | Place    | Note
-------+----------+-------------------------------------------
     0 | D:1      | mistymad the Merfolk Monk began the quest for the Orb.
     0 | D:1      | Reached XP level 1. HP: 18/18 MP: 1/1
   113 | D:1      | Reached XP level 2. HP: 24/24 MP: 2/2
   626 | D:1      | Reached XP level 3. HP: 26/30 MP: 3/3
   991 | D:2      | Found an iron altar of Okawaru.
  1027 | D:2      | Reached skill level 5 in Polearms
  1309 | D:2      | Reached XP level 4. HP: 37/37 MP: 4/4
  1446 | D:2      | Reached skill level 5 in Dodging
  1903 | D:2      | Reached XP level 5. HP: 8/43 MP: 5/5
  2310 | D:3      | Reached skill level 6 in Polearms
  2886 | D:2      | Reached skill level 5 in Fighting
  2886 | D:2      | Reached XP level 6. HP: 20/51 MP: 6/6
  3287 | D:3      | Noticed Ijyb
  3321 | D:3      | Killed Ijyb
  3792 | D:4      | Noticed a phantom
  4113 | D:4      | Killed a phantom
  4113 | D:4      | Reached skill level 7 in Polearms
  4113 | D:4      | Reached XP level 7. HP: 47/57 MP: 7/7
  4413 | D:4      | Noticed Sigmund
  4551 | D:3      | Found a sparkling altar of Nemelex Xobeh.
  5159 | D:5      | Entered Level 5 of the Dungeon
  5270 | D:5      | Found Coidiffe's Antique Armour Boutique.
  5284 | D:5      | Reached skill level 8 in Polearms
  5566 | D:5      | Noticed Dowan
  5569 | D:5      | Noticed Duvessa
  5948 | D:5      | Noticed Edmund
  5986 | D:5      | Killed Edmund
  5986 | D:5      | Reached XP level 8. HP: 36/65 MP: 8/8
  6746 | D:4      | Killed Sigmund
  6746 | D:4      | Reached skill level 9 in Polearms
  7528 | D:5      | Killed Duvessa
  7534 | D:5      | Killed Dowan
  8134 | D:5      | Bought an encrusted scale mail for 189 gold pieces
  8144 | D:5      | Identified the +5 scale mail "Roimporph" {Int+2} (You bought it in a shop on level 5 of the Dungeon)
  8200 | D:6      | Reached skill level 10 in Polearms
  8200 | D:6      | Reached XP level 9. HP: 71/74 MP: 9/9
  8410 | D:6      | Found a glowing golden altar of the Shining One.
  8432 | D:6      | Reached skill level 1 in Armour
  8805 | D:6      | Found a runed door.
  8829 | D:6      | Noticed Crazy Yiuf
  8834 | D:6      | Killed Crazy Yiuf
  9215 | D:7      | Found a staircase to the Ecumenical Temple.
  9222 | Temple   | Entered the Ecumenical Temple
  9228 | Temple   | Became a worshipper of Fedhas Madash
  9228 | Temple   | Reached * piety under Fedhas
  9228 | Temple   | Reached ** piety under Fedhas
  9388 | D:7      | Noticed Pikel
  9406 | D:7      | Killed Pikel
  9848 | D:7      | Reached skill level 11 in Polearms
  9848 | D:7      | Reached skill level 10 in Dodging
  9858 | D:7      | Found a bloodstained altar of Trog.
  9899 | D:7      | Got a pitted scale mail
  9910 | D:7      | Identified the +6 scale mail "Kogyl" {Str+6 Dex-5} (You found it on level 7 of the Dungeon)
 10022 | D:8      | Noticed Gastronok
 10298 | D:8      | Reached XP level 10. HP: 83/83 MP: 10/10
 10775 | D:8      | Found an ancient bone altar of Kikubaaqudgha.
 10775 | D:8      | Found a shadowy altar of Dithmenos.
 10936 | D:8      | Noticed Psyche
 10948 | D:8      | Killed Psyche
 10948 | D:8      | Reached skill level 12 in Polearms
 11115 | D:8      | Noticed Maurice
 11264 | D:8      | Killed Maurice
 11482 | D:8      | Reached skill level 10 in Fighting
 11638 | D:9      | Noticed Joseph
 11651 | D:8      | Killed Joseph
 11762 | D:9      | Reached XP level 11. HP: 91/91 MP: 11/11
 11933 | D:9      | Found an oddly glowing altar of Pakellas.
 12455 | D:10     | Entered Level 10 of the Dungeon
 12466 | D:10     | Got a fine lead ring
 12502 | D:10     | Reached skill level 13 in Polearms
 12535 | D:10     | Reached *** piety under Fedhas
 12735 | D:10     | Found Fazanawn's Distillery.
 12803 | D:10     | Found a staircase to the Lair.
 12833 | D:10     | Reached skill level 5 in Armour
 12931 | D:10     | Killed an unseen horror
 12975 | D:10     | Annihilated by a very large slime creature

Vault maps used:
D:1:      dpeg_arrival_lava_temple_mockup
D:2:      okawaru_trees_2, first_bread
D:3:      lemuel_round_altar, minivault_11, kennysheep_doodads, uniq_iyjb
D:4:      uniq_sigmund
D:5:      serial_shops, shop_statue, hex_tiny, uniq_edmund, uniq_duvessa
D:6:      tso_oasis_becter, water_boxes_lemuel, uniq_crazy_yiuf_cottage
D:7:      trog_eyes_of_draining, uniq_pikel
D:8:      gammafunk_temple_overflow_elements, hangedman_pestilent_swarm,
          uniq_psyche, uniq_maurice, uniq_gastronok
D:9:      grunt_pakellas_basics, uniq_joseph
D:10:     lair_0_dummy, orc_0_dummy, special_room, serial_shops, shop_statue,
          lemuel_oklob_altar
Temple:   eino_temple_rhombus

Skill      XL: |  1  2  3  4  5  6  7  8  9 10 11 |
---------------+----------------------------------+-----
Fighting       | 4 5 6 7 9 10 | 10.9
Polearms       | 5 6 7 8 10 11 12 13 | 13.4
Dodging        | 5 6 7 9 10 11 12 | 12.5
Armour         | 3 4 5 |  5.2
Stealth        | |  2.1

Action                   |  1- 3 |  4- 6 |  7- 9 | 10-12 || total
-------------------------+-------+-------+-------+-------++-------
Melee: Spear             |   139 |   375 |   464 |       ||   978
       Halberd           |       |       |   226 |   480 ||   706
Throw: Throwing net      |       |       |     2 |       ||     2
Evoke: Wand              |       |       |     3 |       ||     3
  Use: Scroll            |     4 |     2 |    10 |     6 ||    22
       Potion            |     1 |       |     8 |       ||     9
 Stab: Sleeping          |     7 |     3 |     1 |       ||    11
       Distracted        |     1 |     2 |       |       ||     3
       Held in net/web   |       |       |     1 |       ||     1
  Eat: Chunk             |     1 |    10 |    20 |    10 ||    41
Armor: Robe              |    12 |    40 |    15 |       ||    67
       Leather armour    |       |       |    37 |       ||    37
       Scale mail        |       |       |    59 |   200 ||   259
Dodge: Dodged            |    70 |   193 |   359 |   339 ||   961
